 Dungeon Crawl Stone Soup version 0.31.0-11-ge490571c62 (webtiles) character file.

Game seed: 8138548701101565275

54 Ashen the Sneak (level 4, -3/24 HPs)
             Began as a Kobold Enchanter on Feb 1, 2024.
             Slain by a gnoll
             ... wielding a +0 flail
              (5 damage)
             ... on level 2 of the Dungeon.
             The game lasted 00:01:49 (759 turns).

Ashen the Sneak (Kobold Enchanter)                   Turns: 759, Time: 00:01:50

Health: -3/24      AC:  2    Str:  5    XL:     4   Next: 12%
Magic:  1/7        EV: 15    Int: 16    God:
Gold:   65         SH:  0    Dex: 17    Spells: 3/8 levels left

rFire   . . .        a - +1 dagger
rCold   . . .        (no shield)
rNeg    . . .        b - +0 robe
rPois   .            (no helmet)
rElec   .            (no cloak)
rCorr   .            (no gloves)
SInv    .            (no boots)
Will    .....        (no amulet)
Stlth   ++++         (no ring)
HPRegen 0.24/turn    (no ring)
MPRegen 0.10/turn

%: no passive effects
@: invisible
A: small, no large weapons, nightstalker 3
a: no special abilities


You were on level 2 of the Dungeon.
You visited 1 branch of the dungeon, and saw 2 of its levels.

You collected 65 gold pieces.

Inventory:

Hand Weapons
 a - a +1 dagger (weapon)
 i - the +7 falchion of Xynilil {flame, rN+}
   (You found it on level 2 of the Dungeon)

   rN+:       It protects you from negative energy.
Armour
 b - a +0 robe (worn)
Scrolls
 d - 2 scrolls of amnesia {unknown}
 e - a scroll of enchant weapon {unknown}
 f - a scroll of blinking {unknown}
 g - a scroll of brand weapon {unknown}
 h - 4 scrolls of identify {unknown}
Potions
 c - a potion of invisibility


   Skills:
 + Level 0.5 Fighting
 + Level 2.3 Short Blades
 + Level 3.0 Dodging
 + Level 4.6 Stealth
 + Level 2.6 Spellcasting
 + Level 3.3 Hexes


You had 3 spell levels left.
You knew the following spells:

 Your Spells              Type           Power      Damage    Failure   Level
a - Ensorcelled Hibernat  Hex/Ice        14%        N/A       14%         2
b - Confusing Touch       Hex            12%        N/A       14%         3

Your spell library contained the following spells:

 Spells                   Type           Power      Damage    Failure   Level
 Tukima's Dance           Hex            12%        N/A       14%         3
 Dazzling Flash           Conj/Hex       14%        N/A       28%         3


Dungeon Overview and Level Annotations

Branches:
Dungeon (2/15)

Altars:


Innate Abilities, Weirdness & Mutations

You are small and have problems with some larger weapons.
You are completely attuned to the shadows.


Message History

You kill the gnoll!
You have reached level 4!
Unknown command.
Casting: Ensorcelled Hibernation (safe; 14% risk of failure)
Confirm with . or Enter, or press ? or * to list all spells.
Aiming: Ensorcelled Hibernation (safe; 14% risk of failure)
Press: ? - help, Shift-Dir - straight line, f - gnoll
Aim: a gnoll, wielding a +0 flail (chance to affect: 50%)
The gnoll resists with some effort.
The gnoll barely misses you.
You hit the gnoll.
The gnoll is lightly wounded.
The gnoll barely misses you.
Casting: Ensorcelled Hibernation (safe; 14% risk of failure)
Confirm with . or Enter, or press ? or * to list all spells.
You don't have enough magic to cast this spell.
Unknown command.
You closely miss the gnoll.
The gnoll is lightly wounded.
The gnoll barely misses you. The gnoll hits you with a +0 flail.
Things that are here:
a +0 club; a +0 whip; a gnoll corpse You hit the gnoll but do no damage.
The gnoll closely misses you.
You hit the gnoll.
The gnoll is moderately wounded.
The gnoll hits you with a +0 flail!
You closely miss the gnoll.
The gnoll is moderately wounded.
The gnoll completely misses you. The gnoll misses you.
You completely miss the gnoll.
The gnoll is moderately wounded.
The gnoll barely misses you. The gnoll hits you with a +0 flail.
* * * LOW HITPOINT WARNING * * *
You hit the gnoll but do no damage.
The gnoll is moderately wounded.
The gnoll hits you with a +0 club.
* * * LOW HITPOINT WARNING * * *
The gnoll barely misses you.
You fade into invisibility!
The gnoll barely misses you. The gnoll hits you with a +0 flail.
You die...

#....##...
#.##...... ..
#..#... ## .
##.#... ..##
#.#... .... #.#...
#...#### #.####
.......#### #.#
#####..g@.### #.#
##.##g..########.#
#.####........#.##
#.. ########....#
##.# ##...# #...#
#...# #####


You could see 2 gnolls.

Vanquished Creatures
  2 gnolls (D:2)
  A dart slug (D:1)
  A ribbon worm (D:2)
  3 bats (D:1)
  An endoplasm (D:1)
  2 giant cockroaches
  7 hobgoblins
  2 kobolds (D:1)
  3 ball pythons (D:1)
  3 frilled lizards (D:1)
  3 goblins (D:1)
  2 rats (D:1)
30 creatures vanquished.

Notes
Turn   | Place    | Note
-------+----------+-------------------------------------------
     0 | D:1      | Ashen the Kobold Enchanter began the quest for the Orb.
     0 | D:1      | Reached XP level 1. HP: 10/10 MP: 3/3
    68 | D:1      | Reached XP level 2. HP: 15/15 MP: 5/5
   254 | D:1      | Reached XP level 3. HP: 19/19 MP: 6/6
   260 | D:1      | Learned a level 2 spell: Ensorcelled Hibernation
   264 | D:1      | Learned a level 3 spell: Confusing Touch
   613 | D:2      | Identified the +7 falchion of Xynilil {flame, rN+}
   750 | D:2      | Reached XP level 4. HP: 24/24 MP: 2/7
   759 | D:2      | Slain by a gnoll

Illustrated notes

Levels and vault maps discovered:
D:1:      zelgadis_glass_arrival_small, layout_rooms, roderic_roman_lattice
D:2:      layout_rooms

Skill      XL: |  1  2  3 |
---------------+----------+-----
Short Blades   | 2 |  2.3
Dodging        | 3 |  3.0
Fighting       | |  0.5
Stealth        | |  4.6
Spellcasting   | |  2.6
Hexes          | |  3.3

Action                     |  1- 3 |  4- 6 || total
---------------------------+-------+-------++-------
  Melee: Dagger            |    73 |     7 ||    80
         Punch             |     1 |       ||     1
   Cast: Ensorcelled Hiber |     3 |     1 ||     4
    Use: Potion            |       |     1 ||     1
   Stab: Sleeping          |    14 |       ||    14
 Armour: Robe              |    19 |     5 ||    24
  Dodge: Dodged            |    47 |     9 ||    56
